[Event "Titled Tuesday Blitz April 05 Early 2022"]
[White "Martinez, Shawn"]
[Black "Garriga Cazorla, Pere"]
[WhiteFideId "2039770"]
[BlackFideId "32011601"]
[WhiteElo "2174"]
[BlackElo "2458"]
[Result "0-1"]
[Round "01"]
[TimeControl "180+1"]
[Date "2022.04.05"]
[WhiteClock "0:00:15"]
[BlackClock "0:01:00"]

1. e4 c5 2. Nc3 Nc6 3. Bb5 Nd4 4. Nf3 a6 5. Bd3 Nc6 6. O-O g6 7. Re1 Bg7 8. Bf1 d6 9. h3 e6 10. Ne2 Nge7 11. c3 d5 12. exd5 exd5 13. d4 c4 14. Bf4 O-O 15. Qd2 Nf5 16. Ng3 Nxg3 17. fxg3 Bf5 18. Ne5 Nxe5 19. Bxe5 Re8 20. Bxg7 Kxg7 21. Rxe8 Qxe8 22. Re1 Qd7 23. g4 Be4 24. Bxc4 Re8 25. Bf1 Qa4 26. b3 Qa3 27. c4 Re7 28. Qg5 f6 29. Qe3 Kf7 30. cxd5 Bxd5 31. Qxe7+ Qxe7 32. Rxe7+ Kxe7 33. Bc4 Be4 34. Kf2 Kd6 35. Bg8 g5 36. g3 h6 37. Ke3 Bb1 38. b4 b6 39. h4 Kc6 40. a4 Bc2 41. a5 bxa5 42. bxa5 Kb5 43. d5 Kxa5 44. Kd4 Kb6 45. Be6 a5 46. hxg5 hxg5 47. Kc4 Bd1 48. Bd7 Be2+ 49. Kd4 Bb5 50. Bf5 a4 51. Be4 Bd7 52. Bf3 Kb5 53. Be2+ Kb4 54. d6 a3 55. Bc4 Bxg4 56. Ba2 Bd7 57. Kd5 Kc3 58. Kc5 Kb2 59. Bd5 f5 60. Kd4 a2 61. Bxa2 Kxa2 62. Ke5 Kb3 63. Kf6 f4 64. gxf4 gxf4 65. Ke7 Ba4 66. Ke6 f3 67. d7 Bxd7+ 68. Kxd7 f2 0-1


[Site "https://www.chess.com"]

[Event "Titled Tuesday Blitz April 05 Early 2022"]
[White "Matlakov, Maxim"]
[Black "Silva, Miguel Antonio Neto"]
[WhiteFideId "4168003"]
[BlackFideId "1911929"]
[WhiteElo "2669"]
[BlackElo "2204"]
[Result "1-0"]
[Round "01"]
[TimeControl "180+1"]
[Date "2022.04.05"]
[WhiteClock "0:00:38"]
[BlackClock "0:00:15"]

1. d4 Nf6 2. Nf3 d5 3. c4 c6 4. Qc2 g6 5. e3 Bg7 6. Nc3 O-O 7. Be2 Bf5 8. Qb3 Qb6 9. O-O Nbd7 10. h3 Qxb3 11. axb3 a6 12. Bd2 h6 13. Rfc1 Rac8 14. b4 dxc4 15. Bxc4 Ne4 16. Be1 Ndf6 17. Na4 Nd6 18. Be2 Be4 19. Ne5 Bd5 20. Nc5 Nfe4 21. Ncd7 Rfe8 22. Nb6 Rcd8 23. f3 Nf6 24. e4 Ndxe4 25. fxe4 Bxe4 26. Bf2 Nd5 27. Nxd5 Bxd5 28. Nd3 Be4 29. Nc5 Bf5 30. Nxb7 Rxd4 31. Bxd4 Bxd4+ 32. Kf1 Bxb2 33. Nc5 Rb8 34. Nxa6 Rb6 35. Re1 Bxa1 36. Rxa1 Kg7 37. Kf2 Bc8 38. Ra4 f5 39. Nc5 Kf6 40. Ba6 Be6 41. Bc4 Bc8 42. Nd3 e5 43. Ra8 Be6 44. Nc5 Bd5 45. Nd7+ 1-0


[Site "https://www.chess.com"]

[Event "Titled Tuesday Blitz April 05 Early 2022"]
[White "Matthes, Aaron"]
[Black "Taboas Rodriguez, Daniel"]
[WhiteFideId "16227310"]
[BlackFideId "2208466"]
[WhiteElo "2341"]
[BlackElo "2429"]
[Result "0-1"]
[Round "01"]
[TimeControl "180+1"]
[Date "2022.04.05"]
[WhiteClock "0:00:29"]
[BlackClock "0:01:22"]

1. Nf3 Nf6 2. g3 g6 3. c4 b6 4. Bg2 Bb7 5. O-O Bg7 6. b3 O-O 7. Bb2 c5 8. Nc3 d5 9. cxd5 Nxd5 10. Qc2 Nc6 11. Nxd5 Qxd5 12. Bxg7 Kxg7 13. Qc3+ Kg8 14. Ne5 Qxe5 15. Qxe5 Nxe5 16. Bxb7 Rad8 17. d3 Rd4 18. Rfc1 Rfd8 19. Rc2 f5 20. f4 Ng4 21. Bf3 Ne3 22. Rb2 Kg7 23. Kf2 Nd5 24. Rc2 Kf6 25. Rc4 Nb4 26. a3 Rxc4 27. bxc4 Nc2 28. Ra2 Nd4 29. a4 Rb8 30. Rb2 e5 31. fxe5+ Kxe5 32. a5 b5 33. cxb5 Rxb5 34. Ra2 a6 35. Ba8 Nb3 36. Bc6 Rxa5 37. Rb2 Nd4 38. Bb7 Rb5 39. Rxb5 axb5 40. e3 Ne6 41. Ke2 g5 42. Bc8 g4 43. Kd2 Ng5 44. Bb7 Nf3+ 0-1


[Site "https://www.chess.com"]

[Event "Titled Tuesday Blitz April 05 Early 2022"]
[White "Maung, Maung Kyaw Zaw Hein"]
[Black "Obolenskikh, Dmitry"]
[WhiteFideId "13001698"]
[BlackFideId "4156013"]
[WhiteElo "2458"]
[BlackElo "2801"]
[Result "0-1"]
[Round "01"]
[TimeControl "180+1"]
[Date "2022.04.05"]
[WhiteClock "0:00:44"]
[BlackClock "0:01:54"]

1. Nf3 d5 2. d4 Nf6 3. c4 e6 4. Nc3 c5 5. cxd5 Nxd5 6. e4 Nxc3 7. bxc3 cxd4 8. cxd4 Bb4+ 9. Bd2 Bxd2+ 10. Qxd2 O-O 11. Bc4 Nd7 12. O-O b6 13. Rfe1 Bb7 14. Rad1 Rc8 15. Bd3 h6 16. h4 Qc7 17. Rc1 Qb8 18. Bb1 Rxc1 19. Rxc1 Rc8 20. Rd1 Qc7 21. d5 exd5 22. exd5 Qd6 23. Qd3 Nf6 24. Qf5 Rc5 25. Re1 Rxd5 26. Qc2 Rc5 27. Qa4 Rc8 28. Qxa7 Bxf3 29. gxf3 g6 30. Qb7 Rc7 31. Qb8+ Kg7 32. Kg2 Nh5 33. Be4 Nf4+ 34. Kg3 Nd3+ 0-1


[Site "https://www.chess.com"]

[Event "Titled Tuesday Blitz April 05 Early 2022"]
[White "Maximov, Dmitry"]
[Black "Li, Xueyi"]
[WhiteFideId "14105659"]
[BlackFideId "8605912"]
[WhiteElo "2494"]
[BlackElo "2091"]
[Result "1-0"]
[Round "01"]
[TimeControl "180+1"]
[Date "2022.04.05"]
[WhiteClock "0:01:25"]
[BlackClock "0:01:09"]

1. e4 c5 2. Nf3 d6 3. c3 Nf6 4. Bc4 e6 5. Bd3 Be7 6. Bc2 d5 7. e5 Nfd7 8. d4 Nc6 9. O-O Qc7 10. a3 b6 11. Re1 Bb7 12. b4 cxd4 13. cxd4 Rc8 14. Bd3 a6 15. Be3 b5 16. Nbd2 Nb6 17. Nf1 Nc4 18. Qe2 Nb8 19. Ng3 g6 20. Bg5 Bxg5 21. Nxg5 Qe7 22. h4 h6 23. Nf3 Nd7 24. h5 g5 25. Nh2 Kd8 26. Ng4 Ndb6 27. Nf6 Na4 28. Qg4 Kc7 29. Bxc4 dxc4 30. d5 exd5 31. Qd4 Rhd8 32. Nf5 Qe6 33. Nd6 Rxd6 34. exd6+ Qxd6 35. Ne8+ 1-0


[Site "https://www.chess.com"]

[Event "Titled Tuesday Blitz April 05 Early 2022"]
[White "Mekhitarian, Krikor Sevag"]
[Black "Dixit, Nikhil"]
[WhiteFideId "2107660"]
[BlackFideId "5059534"]
[WhiteElo "2791"]
[BlackElo "2457"]
[Result "0-1"]
[Round "01"]
[TimeControl "180+1"]
[Date "2022.04.05"]
[WhiteClock "0:00:01"]
[BlackClock "0:00:15"]

1. Nf3 Nf6 2. c4 g6 3. Nc3 Bg7 4. e4 e5 5. Be2 O-O 6. O-O Nc6 7. d3 d6 8. Rb1 Bg4 9. Be3 Nh5 10. h3 Be6 11. Ng5 Nf4 12. Nxe6 Nxe6 13. g3 Ncd4 14. Bf3 Nxf3+ 15. Qxf3 a5 16. Qd1 f5 17. exf5 gxf5 18. Qh5 f4 19. Bd2 Rf6 20. Qh4 Qd7 21. Ne4 Rg6 22. Kh2 Nd4 23. f3 Nf5 24. Qh5 Rh6 25. Qg4 Rg6 26. Qh5 fxg3+ 27. Kg2 Rf8 28. Rbe1 Qd8 29. h4 Nxh4+ 30. Kg1 Nf5 31. Bg5 Qe8 32. Kg2 h6 33. Bd2 c6 34. Rh1 d5 35. cxd5 cxd5 36. Nc3 Qf7 37. Rh3 Nd4 38. Rf1 Ne6 39. Nxd5 Nf4+ 40. Nxf4 exf4 41. Bc3 Re8 42. Bxg7 Re2+ 43. Kg1 Kxg7 44. Qh4 Rc6 45. Qg4+ Kf8 46. Rh4 Rcc2 47. Qc8+ Rxc8 0-1


[Site "https://www.chess.com"]

[Event "Titled Tuesday Blitz April 05 Early 2022"]
[White "Melaugh, Shane"]
[Black "Artemenko, Oleg"]
[WhiteFideId "2509580"]
[BlackFideId "14201798"]
[WhiteElo "1972"]
[BlackElo "2287"]
[Result "0-1"]
[Round "01"]
[TimeControl "180+1"]
[Date "2022.04.05"]
[WhiteClock "0:00:38"]
[BlackClock "0:02:12"]

1. e4 e6 2. d4 d5 3. exd5 exd5 4. Bd3 Nc6 5. c3 Bd6 6. Ne2 Nge7 7. Bf4 Bf5 8. Bxf5 Nxf5 9. O-O O-O 10. Qd3 Qf6 11. Bxd6 Nxd6 12. Nd2 Rfe8 13. Ng3 Re6 14. Rfe1 Rae8 15. Rxe6 Qxe6 16. h3 f5 17. Nf3 f4 18. Re1 Ne4 19. Ng5 fxg3 20. Nxe6 gxf2+ 21. Kf1 fxe1=Q+ 22. Kxe1 Rxe6 23. Kf1 a6 24. Kg1 Ne7 25. c4 c6 26. Qb3 b5 27. c5 Nf5 28. Qa3 Neg3 29. Qa5 h5 30. Kh2 h4 31. Qd8+ Kh7 32. Qa5 Nxd4 33. Qb4 Ndf5 34. Qf4 Re1 0-1


[Site "https://www.chess.com"]

[Event "Titled Tuesday Blitz April 05 Early 2022"]
[White "Miszler, Levente"]
[Black "Gunina, Valentina"]
[WhiteFideId "763276"]
[BlackFideId "4167570"]
[WhiteElo "1966"]
[BlackElo "2381"]
[Result "0-1"]
[Round "01"]
[TimeControl "180+1"]
[Date "2022.04.05"]
[WhiteClock "0:00:27"]
[BlackClock "0:01:09"]

1. Nf3 d5 2. d4 Nf6 3. Bg5 c6 4. e3 Bg4 5. Be2 e6 6. O-O Bd6 7. h3 Bxf3 8. Bxf3 Nbd7 9. Nd2 h6 10. Bh4 Qc7 11. e4 dxe4 12. Nxe4 Nxe4 13. Bxe4 g5 14. Bg3 Bxg3 15. fxg3 Qxg3 16. Qe2 Qd6 17. c3 Qe7 18. Rae1 O-O-O 19. Qf2 Rhf8 20. d5 cxd5 21. Qxa7 dxe4 22. Qa8+ Kc7 23. Qa5+ Kb8 24. Rxe4 Qc5+ 25. Qxc5 Nxc5 26. Re5 Nd3 27. Rb5 f5 28. a4 Nf4 29. a5 Ka7 30. g3 Nxh3+ 31. Kg2 g4 0-1


[Site "https://www.chess.com"]

[Event "Titled Tuesday Blitz April 05 Early 2022"]
[White "Mohammadian, Mohammad"]
[Black "Koellner, Ruben Gideon"]
[WhiteFideId "12566055"]
[BlackFideId "12993093"]
[WhiteElo "1544"]
[BlackElo "2537"]
[Result "0-1"]
[Round "01"]
[TimeControl "180+1"]
[Date "2022.04.05"]
[WhiteClock "0:01:14"]
[BlackClock "0:02:35"]

1. e4 d6 2. d4 Nf6 3. Bd3 e5 4. c3 Nbd7 5. Bg5 Be7 6. Nf3 h6 7. Bh4 exd4 8. cxd4 Nxe4 9. Bxe7 Qxe7 10. Bxe4 Qxe4+ 11. Qe2 Qxe2+ 12. Kxe2 Nb6 13. Re1 Bg4 14. Kf1+ Kd7 15. Nfd2 Rae8 16. Nc3 Bf5 17. b3 Bd3+ 18. Kg1 Rxe1+ 19. Rxe1 Re8 20. Rxe8 Kxe8 21. f3 Kd7 22. Kf2 c5 23. Ke3 Bg6 24. dxc5 dxc5 25. Nde4 Bxe4 26. Nxe4 Kc6 27. Kd3 Nd5 28. a3 Nf4+ 29. Kc4 b5+ 30. Kc3 Nxg2 31. Ng3 g6 32. Ne4 Nf4 33. Nf6 Nd5+ 34. Nxd5 Kxd5 35. b4 c4 36. h4 Ke5 37. a4 a6 38. axb5 axb5 39. Kd2 Kf4 40. Ke2 h5 41. Kf2 f6 42. Ke2 g5 43. hxg5 fxg5 44. Kf2 h4 45. Kg2 c3 46. Kf2 c2 47. Ke2 c1=Q 0-1


[Site "https://www.chess.com"]

[Event "Titled Tuesday Blitz April 05 Early 2022"]
[White "Mokshanov, Alexey"]
[Black "Terletsky, Oleg"]
[WhiteFideId "24121657"]
[BlackFideId "14116774"]
[WhiteElo "2141"]
[BlackElo "2064"]
[Result "0-1"]
[Round "01"]
[TimeControl "180+1"]
[Date "2022.04.05"]
[WhiteClock "0:01:18"]
[BlackClock "0:00:17"]

1. e4 e5 2. Nf3 Nc6 3. d4 exd4 4. Nxd4 Nf6 5. Nxc6 bxc6 6. e5 Qe7 7. Qe2 Nd5 8. c4 Ba6 9. b3 O-O-O 10. Bb2 Qg5 11. g3 Bb4+ 12. Nd2 Nc3 13. f4 Qg6 14. Qd3 Ne4 15. O-O-O Nxd2 16. Rxd2 Bxd2+ 17. Qxd2 c5 18. Bd3 Qb6 19. Rd1 Kb8 20. Bf5 d6 21. e6 fxe6 22. Bxe6 Rhe8 23. Bd5 Re7 24. Qc2 h6 25. f5 Rde8 26. f6 gxf6 27. Bxf6 Re2 28. Rd2 Rxd2 29. Qxd2 Bb7 30. Qxh6 Bxd5 31. cxd5 Qa6 0-1


[Site "https://www.chess.com"]

[Event "Titled Tuesday Blitz April 05 Early 2022"]
[White "Molina, Roberto Junio Brito"]
[Black "Plazuelo Pascual, Juan"]
[WhiteFideId "2109450"]
[BlackFideId "32059566"]
[WhiteElo "2432"]
[BlackElo "2359"]
[Result "0-1"]
[Round "01"]
[TimeControl "180+1"]
[Date "2022.04.05"]
[WhiteClock "0:00:44"]
[BlackClock "0:00:06"]

1. d4 d5 2. e3 Nf6 3. Nf3 c5 4. c3 e6 5. Nbd2 b6 6. Bd3 Bb7 7. O-O Nbd7 8. Qe2 Be7 9. e4 dxe4 10. Nxe4 Nxe4 11. Bxe4 Bxe4 12. Qxe4 O-O 13. Rd1 Nf6 14. Qe2 Qc7 15. Bg5 Nd5 16. c4 Nf6 17. b3 Rad8 18. Rd3 cxd4 19. Nxd4 Qc5 20. Be3 Qe5 21. Rad1 Rc8 22. g3 Bc5 23. Nb5 Bxe3 24. Qxe3 Qxe3 25. Rxe3 a6 26. Nd6 Rc6 27. Red3 g5 28. f3 h5 29. Kf2 Kg7 30. Ke3 Kg6 31. h4 Nd5+ 32. cxd5 Rxd6 33. hxg5 Kxg5 34. dxe6 Rxe6+ 35. Kf2 Rfe8 36. R1d2 Kg6 37. f4 Re4 38. Rd6+ R8e6 39. R6d5 Kh6 40. Rd7 Kg6 41. Ra7 h4 42. Rxa6 hxg3+ 43. Kxg3 Re3+ 44. Kf2 R3e4 45. Kg3 Re3+ 46. Kg2 Kf5 47. Ra4 b5 48. Rd5+ Kg4 49. Rg5+ Kh4 50. Rxb5 Re2+ 51. Kf1 Re1+ 52. Kf2 R6e2+ 53. Kf3 Re3+ 54. Kf2 R1e2+ 55. Kf1 Re1+ 56. Kf2 R1e2+ 57. Kf1 Kg3 58. Rg5+ Kf3 59. Kg1 Re1+ 60. Kh2 R3e2+ 61. Rg2 Rxg2+ 62. Kh3 Rh1# 0-1


[Site "https://www.chess.com"]

[Event "Titled Tuesday Blitz April 05 Early 2022"]
[White "Muradov, Soltan"]
[Black "Tanenbaum, Zachary"]
[WhiteFideId "14002108"]
[BlackFideId "2060850"]
[WhiteElo "1854"]
[BlackElo "2168"]
[Result "0-1"]
[Round "01"]
[TimeControl "180+1"]
[Date "2022.04.05"]
[WhiteClock "0:00:07"]
[BlackClock "0:01:02"]

1. b3 e5 2. Bb2 Nc6 3. d3 d5 4. c4 d4 5. g3 Nf6 6. Bg2 Bf5 7. Nd2 Bc5 8. Ngf3 O-O 9. a3 a5 10. O-O Re8 11. Ng5 Qd7 12. Re1 Ba7 13. b4 h6 14. Nge4 Nxe4 15. Nxe4 axb4 16. Qb3 bxa3 17. Bxa3 Rab8 18. Reb1 Bh3 19. Bh1 f5 20. Nc5 Bxc5 21. Bxc5 e4 22. Qa4 Re5 23. Rb5 Qe6 24. dxe4 fxe4 25. Rab1 d3 26. Be3 dxe2 27. Qc2 Qg4 28. Rxe5 Nxe5 29. Bxe4 Nf3+ 30. Bxf3 Qxf3 0-1


[Site "https://www.chess.com"]

[Event "Titled Tuesday Blitz April 05 Early 2022"]
[White "Namitbir Singh Walia"]
[Black "Szpar, Milosz"]
[WhiteFideId "35071068"]
[BlackFideId "1184989"]
[WhiteElo "1565"]
[BlackElo "2447"]
[Result "0-1"]
[Round "01"]
[TimeControl "180+1"]
[Date "2022.04.05"]
[WhiteClock "0:00:02"]
[BlackClock "0:00:30"]

1. d4 d5 2. c4 dxc4 3. Nc3 a6 4. a4 Nc6 5. e3 Na5 6. Nf3 c6 7. Ne5 Be6 8. Be2 Nf6 9. O-O g6 10. e4 Bg7 11. Be3 O-O 12. Qc2 Nd7 13. Nf3 b5 14. axb5 axb5 15. Ng5 Nb3 16. Rxa8 Qxa8 17. Nxe6 fxe6 18. Rd1 e5 19. d5 Nd4 20. Bxd4 exd4 21. dxc6 Nb6 22. Nxb5 d3 23. Bxd3 cxd3 24. Rxd3 Rc8 25. c7 Be5 26. g3 Kg7 27. Ra3 Qb7 28. Qc5 Bd6 29. Qd4+ Kh6 30. Ra7 Qc6 31. Nxd6 Qxd6 32. Qe3+ Kg7 33. Ra6 Nd5 34. Rxd6 Nxe3 35. Rd8 Rxc7 36. fxe3 Rc2 37. Rb8 Re2 38. Rb3 Kf6 39. h4 Ke5 40. Kf1 Rh2 41. Rb4 Rc2 42. b3 Rb2 43. Ke1 Rg2 44. Rd4 Rxg3 45. Kd2 Rh3 46. Kd3 Rxh4 47. b4 Rh1 48. Rd7 Ke6 49. Rb7 h5 50. Rb6+ Kf7 51. e5 Rg1 52. Ke2 Rg4 53. b5 Rb4 54. Rb8 Ke6 55. Rg8 Kf5 56. Re8 e6 57. Rb8 Kxe5 58. Kd3 Rb3+ 59. Kc2 Rxe3 60. b6 Re4 61. b7 Rb4 62. Kc3 Rb6 63. Kc4 Ke4 64. Kc5 Rb1 65. Kc6 Kf3 66. Rg8 e5 67. Rxg6 e4 68. Rf6+ Kg4 69. Rf8 e3 70. b8=Q Rxb8 71. Rxb8 e2 72. Re8 Kf3 73. Kd5 h4 74. Kd4 h3 75. Kd3 h2 76. Rf8+ Kg4 77. Rg8+ Kf5 78. Rf8+ Kg6 79. Rg8+ Kf7 0-1


[Site "https://www.chess.com"]

[Event "Titled Tuesday Blitz April 05 Early 2022"]
[White "Narayanan, Srinath"]
[Black "Gracia Alvarez, Gerardo Antonio"]
[WhiteFideId "5018420"]
[BlackFideId "5109124"]
[WhiteElo "2472"]
[BlackElo "2139"]
[Result "1/2-1/2"]
[Round "01"]
[TimeControl "180+1"]
[Date "2022.04.05"]
[WhiteClock "0:00:27"]
[BlackClock "0:00:17"]

1. Nf3 Nf6 2. c4 g6 3. b3 Bg7 4. Bb2 O-O 5. g3 c5 6. Bg2 d5 7. cxd5 Nxd5 8. Bxg7 Kxg7 9. O-O Nc6 10. Qc1 b6 11. Rd1 e5 12. Nc3 Be6 13. Qb2 f6 14. Rac1 Rc8 15. d3 Qd7 16. Ne4 Nd4 17. e3 Nxf3+ 18. Bxf3 h6 19. d4 cxd4 20. Rxc8 Rxc8 21. exd4 f5 22. dxe5 fxe4 23. Bxe4 Qb7 24. h4 h5 25. Qd2 Qf7 26. Bxd5 Rd8 27. Qc3 Rxd5 28. Rxd5 Bxd5 29. e6+ Qf6 30. Qc7+ Kh6 31. Qc1+ Kg7 32. Qc7+ Kh6 33. Qc1+ Kg7 34. Qc7+ 1/2-1/2


[Site "https://www.chess.com"]

[Event "Titled Tuesday Blitz April 05 Early 2022"]
[White "Niyazgulova, Marina"]
[Black "Seo, Jung Min"]
[WhiteFideId "24142573"]
[BlackFideId "1734687"]
[WhiteElo "2046"]
[BlackElo "2401"]
[Result "0-1"]
[Round "01"]
[TimeControl "180+1"]
[Date "2022.04.05"]
[WhiteClock "0:01:48"]
[BlackClock "0:01:53"]

1. d4 Nf6 2. c4 e6 3. Nc3 Bb4 4. Qc2 O-O 5. Bg5 c5 6. Nf3 cxd4 7. Nxd4 Nc6 8. e3 h6 9. Bh4 d5 10. cxd5 Nxd4 11. exd4 Qxd5 12. Bxf6 gxf6 13. Qd2 Qg5 14. Rd1 Qxd2+ 15. Rxd2 Rd8 16. Be2 b6 17. Bf3 Rb8 18. O-O Ba6 19. Rc1 Kg7 20. a3 Bd6 21. Ne4 Bf4 22. Rcd1 Bxd2 23. Rxd2 Rbc8 24. g3 Bb7 25. Kg2 Bxe4 26. Bxe4 Rc4 0-1


[Site "https://www.chess.com"]

[Event "Titled Tuesday Blitz April 05 Early 2022"]
[White "Nogerbek, Kazybek"]
[Black "Musovic, Armin"]
[WhiteFideId "13710427"]
[BlackFideId "939935"]
[WhiteElo "2466"]
[BlackElo "2255"]
[Result "1-0"]
[Round "01"]
[TimeControl "180+1"]
[Date "2022.04.05"]
[WhiteClock "0:01:42"]
[BlackClock "0:01:13"]

1. c4 e5 2. Nc3 Bb4 3. g3 Bxc3 4. bxc3 Nf6 5. Bg2 O-O 6. e4 d6 7. Ne2 c5 8. O-O Nc6 9. d3 Rb8 10. a4 Re8 11. h3 Nd7 12. f4 Nf8 13. f5 f6 14. g4 g5 15. h4 h6 16. Ng3 Nh7 17. Qe1 b6 18. Be3 Rb7 19. Bf3 Rg7 20. Nh5 Rf7 21. Ra2 Kh8 22. Rh2 Rg8 23. Kf2 Bd7 24. Rfh1 Be8 25. Ng3 Na5 26. Bd1 Qc7 27. Rh3 a6 28. R1h2 b5 29. axb5 axb5 30. cxb5 c4 31. b6 Qb7 32. d4 Nc6 33. d5 Nb8 34. Qh1 Rgg7 35. hxg5 hxg5 36. Nh5 Kg8 37. Nxg7 Rxg7 38. Rxh7 Rxh7 39. Rxh7 Qxh7 40. Qxh7+ Kxh7 41. b7 Bb5 42. Ba7 Na6 43. b8=Q Nxb8 44. Bxb8 Ba4 45. Bxa4 Kh6 1-0


[Site "https://www.chess.com"]

[Event "Titled Tuesday Blitz April 05 Early 2022"]
[White "Noritsyn, Nikolay"]
[Black "Girinath, P.D.S."]
[WhiteFideId "2604922"]
[BlackFideId "5000572"]
[WhiteElo "2527"]
[BlackElo "2369"]
[Result "1-0"]
[Round "01"]
[TimeControl "180+1"]
[Date "2022.04.05"]
[WhiteClock "0:00:14"]
[BlackClock "0:00:01"]

1. b3 e5 2. Bb2 Nc6 3. e3 Nf6 4. Nf3 Bd6 5. d4 exd4 6. exd4 O-O 7. Be2 Re8 8. O-O Bf8 9. d5 Nxd5 10. Qxd5 Rxe2 11. Ng5 Ne5 12. Nxh7 Kxh7 13. Bxe5 Kg8 14. Nc3 Rxe5 15. Qxe5 c6 16. Ne2 d5 17. Rfe1 Bd6 18. Qh5 Qf6 19. Ng3 Be6 20. Rad1 Bc5 21. Qf3 Qxf3 22. gxf3 g6 23. Kg2 Kg7 24. f4 Bd7 25. c4 Rh8 26. cxd5 Bh3+ 27. Kg1 cxd5 28. Rxd5 Bb6 29. f5 Rc8 30. fxg6 fxg6 31. Rg5 Kh6 32. Rge5 Rc2 33. R5e2 Rc3 34. Ne4 Rf3 35. Nd2 Rf4 36. Ne4 Rg4+ 37. Ng3 Rf4 38. a3 a5 39. Rd2 Bc5 40. Re4 Rf3 41. Rh4+ Kg7 42. Rxh3 Bxa3 43. Nh5+ gxh5 44. Rxf3 Bb4 45. Rd5 1-0


[Site "https://www.chess.com"]

[Event "Titled Tuesday Blitz April 05 Early 2022"]
[White "Odegov, Artem"]
[Black "Kamsky, Gata"]
[WhiteFideId "34183644"]
[BlackFideId "2000024"]
[WhiteElo "2286"]
[BlackElo "2645"]
[Result "0-1"]
[Round "01"]
[TimeControl "180+1"]
[Date "2022.04.05"]
[WhiteClock "0:00:08"]
[BlackClock "0:00:25"]

1. d4 d5 2. c4 c6 3. Nc3 Nf6 4. Nf3 a6 5. cxd5 cxd5 6. Bf4 Nc6 7. e3 Bg4 8. Be2 Bxf3 9. Bxf3 e6 10. O-O Bd6 11. Bg5 h6 12. Bh4 O-O 13. Rc1 Be7 14. Na4 Nd7 15. Bg3 Rc8 16. Nc5 Nxc5 17. dxc5 b6 18. cxb6 Qxb6 19. b3 Rfd8 20. Qe2 Bf6 21. h3 a5 22. Rfd1 Ne5 23. Bxe5 Bxe5 24. Qd3 g6 25. Be2 Qb4 26. g3 Kg7 27. Kg2 Rc5 28. Rxc5 Qxc5 29. Qb5 Qxb5 30. Bxb5 Rc8 31. e4 dxe4 32. Re1 f5 33. Bd7 Rc2 34. Bxe6 Bd4 35. Rf1 Kf6 36. Bc4 Rxa2 37. Kh2 Rxf2+ 38. Rxf2 Bxf2 39. Kg2 Bd4 40. Kf1 g5 41. Ke2 f4 42. gxf4 gxf4 43. Kf1 Ke5 44. Ke2 f3+ 45. Kf1 Kf4 46. Bf7 e3 47. Bc4 e2+ 48. Bxe2 fxe2+ 49. Kxe2 Kg3 0-1


[Site "https://www.chess.com"]

[Event "Titled Tuesday Blitz April 05 Early 2022"]
[White "Oganian, Miran"]
[Black "Pires, Marcos Vinicius Torsani"]
[WhiteFideId "4122488"]
[BlackFideId "2118939"]
[WhiteElo "2357"]
[BlackElo "2273"]
[Result "1-0"]
[Round "01"]
[TimeControl "180+1"]
[Date "2022.04.05"]
[WhiteClock "0:00:44"]
[BlackClock "0:00:24"]

1. e4 c5 2. Nf3 g6 3. d4 cxd4 4. Qxd4 Nf6 5. e5 Nc6 6. Qa4 Nd5 7. Qe4 Nc7 8. Nc3 Bg7 9. Bf4 O-O 10. Be2 d6 11. O-O Nxe5 12. Nxe5 dxe5 13. Bxe5 Bf5 14. Qe3 Bxc2 15. Rac1 Bxe5 16. Qxe5 Bf5 17. Rfd1 Qb8 18. Qxe7 Re8 19. Qf6 Re6 20. Qh4 Qe8 21. Bc4 Qe7 22. Qf4 Re5 23. g4 Bxg4 24. Rd3 Bf5 25. Rg3 Re1+ 26. Rxe1 Qxe1+ 27. Kg2 Ne6 28. Qxf5 Nd4 29. Qxf7+ 1-0


[Site "https://www.chess.com"]

[Event "Titled Tuesday Blitz April 05 Early 2022"]
[White "Omariev, Maksim"]
[Black "Terry, Renato"]
[WhiteFideId "4193423"]
[BlackFideId "3803457"]
[WhiteElo "2500"]
[BlackElo "2577"]
[Result "0-1"]
[Round "01"]
[TimeControl "180+1"]
[Date "2022.04.05"]
[WhiteClock "0:00:02"]
[BlackClock "0:01:24"]

1. g4 d5 2. Bg2 c6 3. h3 e5 4. d4 e4 5. c4 Be6 6. Nc3 g6 7. Qb3 Qd7 8. c5 f5 9. g5 h6 10. h4 Bg7 11. Qa4 hxg5 12. hxg5 Rxh1 13. Bxh1 Qc7 14. Bg2 f4 15. Bh3 Bf7 16. Bg4 Ne7 17. Nh3 e3 18. Ng1 Nd7 19. Nf3 exf2+ 20. Kxf2 Nf8 21. Bd2 Be6 22. Rg1 Bxg4 23. Rxg4 Ne6 24. Qb4 Nf5 25. e3 fxe3+ 26. Bxe3 O-O-O 27. Qa4 Kb8 28. Bf4 Nxf4 0-1


[Site "https://www.chess.com"]

[Event "Titled Tuesday Blitz April 05 Early 2022"]
[White "Onslow, Alfie"]
[Black "Decuigniere, Tom"]
[WhiteFideId "436976"]
[BlackFideId "26093820"]
[WhiteElo "1884"]
[BlackElo "1997"]
[Result "1-0"]
[Round "01"]
[TimeControl "180+1"]
[Date "2022.04.05"]
[WhiteClock "0:00:20"]
[BlackClock "0:00:01"]

1. Nf3 d5 2. c4 e6 3. g3 Nf6 4. Bg2 Be7 5. O-O O-O 6. b3 b6 7. Bb2 Bb7 8. Ne5 Nbd7 9. f4 c5 10. e3 Qc7 11. d3 Rad8 12. Qe2 a6 13. Nd2 b5 14. Rac1 bxc4 15. dxc4 Nxe5 16. Bxe5 Qc8 17. cxd5 exd5 18. e4 d4 19. Qd3 Qa8 20. Bxf6 Bxf6 21. Rf2 Be7 22. e5 Bxg2 23. Rxg2 Qd5 24. Qc4 Qb7 25. Qd3 Rfe8 26. Rf2 a5 27. Ne4 Qd5 28. Rc4 Ra8 29. Rfc2 Rec8 30. a3 h6 31. Qf3 Rab8 32. Nf6+ Bxf6 33. Qxd5 Be7 34. e6 f6 35. Qe4 Rxb3 36. Rxd4 1-0


[Site "https://www.chess.com"]

[Event "Titled Tuesday Blitz April 05 Early 2022"]
[White "Oye-Stromberg, Alexander"]
[Black "Weetik, Vjacheslav"]
[WhiteFideId "1525999"]
[BlackFideId "4153472"]
[WhiteElo "1934"]
[BlackElo "2469"]
[Result "0-1"]
[Round "01"]
[TimeControl "180+1"]
[Date "2022.04.05"]
[WhiteClock "0:00:17"]
[BlackClock "0:00:05"]

1. e4 c6 2. d4 d5 3. e5 Bf5 4. h4 Qb6 5. Bd3 Qxd4 6. Nf3 Qg4 7. Bg5 f6 8. Be3 Nd7 9. Rh3 Bxd3 10. Qxd3 fxe5 11. Qb3 e6 12. Qxb7 Qb4+ 13. Qxb4 Bxb4+ 14. c3 Bd6 15. Ng5 Ke7 16. Nd2 Ngf6 17. O-O-O Rhf8 18. Rg3 Nh5 19. Rg4 c5 20. Nxh7 Rh8 21. Ng5 d4 22. Nxe6 Kxe6 23. Rg6+ Nhf6 24. Bg5 Kf7 25. Bxf6 Kxg6 26. Bg5 Rae8 27. Ne4 Be7 28. Bxe7 Rxe7 29. g3 Rf8 30. Rh1 Nf6 31. h5+ Nxh5 32. g4 Nf6 33. Ng3 e4 34. Nf5 Re5 0-1


[Site "https://www.chess.com"]

[Event "Titled Tuesday Blitz April 05 Early 2022"]
[White "Ozer, Omer Faruk"]
[Black "Kostina, Nadezhda"]
[WhiteFideId "6354564"]
[BlackFideId "4195876"]
[WhiteElo "2050"]
[BlackElo "1982"]
[Result "1-0"]
[Round "01"]
[TimeControl "180+1"]
[Date "2022.04.05"]
[WhiteClock "0:01:58"]
[BlackClock "0:00:01"]

1. e4 c5 2. Nc3 Nc6 3. g3 g6 4. Bg2 Bg7 5. d3 d6 6. Be3 Nd4 7. Qd2 Nf6 8. h3 Rb8 9. Nd1 b5 10. c3 Nc6 11. d4 cxd4 12. cxd4 Qa5 13. e5 Nb4 14. exf6 Nc2+ 15. Kf1 Qxd2 16. Bxd2 Nxa1 17. fxg7 Rg8 18. Ne3 b4 19. Bc6+ Bd7 20. Bxd7+ Kxd7 21. Ke2 b3 22. a3 Nc2 23. Nf3 Rxg7 24. Rc1 Rc8 25. Nxc2 bxc2 26. Kd3 e5 27. dxe5 dxe5 28. Nxe5+ Ke6 29. Nf3 f5 30. Nd4+ Kd5 31. Nxc2 Re8 32. Ne3+ Kd6 33. Bb4+ Kd7 34. Nd5 1-0


[Site "https://www.chess.com"]